 Dungeon Crawl Stone Soup version 0.27-a0-396-g03f4e8edb7 (webtiles) character file.

Game seed: 10518313211691544594

1089 Morbidden the Skirmisher (level 8, 63/63 HPs)
             Began as a Demonspawn Wanderer on Feb 21, 2021.
             Was a Follower of Cheibriados.
             Quit the game on level 6 of the Dungeon.
             The game lasted 00:07:37 (6255 turns).

Morbidden the Skirmisher (Demonspawn Wanderer)      Turns: 6255, Time: 00:07:38

Health: 63/63      AC: 13    Str: 15    XL:     8   Next: 9%
Magic:  10/10      EV:  8    Int: 17    God:    Cheibriados [*.....]
Gold:   348        SH:  0    Dex: 18    Spells: 7/7 levels left

rFire    . . .     SeeInvis .   a - +0 shortbow
rCold    . . .     Faith    .   (shield currently unavailable)
rNeg     . . .     Spirit   .   q - +2 chain mail {rPois}
rPois    +         Reflect  .   c - +0 helmet
rElec    .         Harm     .   (no cloak)
rCorr    .         Rampage  .   f - +0 pair of gloves
Will     .....                  (boots unavailable)
Stlth    ..........             (no amulet)
HPRegen  0.20/turn              (no ring)
MPRegen  0.12/turn              (no ring)

@: very slow
A: talons 3, powered by death 2, demonic magic 1
a: Renounce Religion, Bend Time


You were on level 6 of the Dungeon.
You worshipped Cheibriados.
Cheibriados was aware of your devotion.
You visited 2 branches of the dungeon, and saw 7 of its levels.

You collected 348 gold pieces.

Inventory:

Hand Weapons
 a - a +0 shortbow (weapon)
Missiles
 e - 118 arrows (quivered ammo)
 u - 2 boomerangs
Armour
 c - a +0 helmet (worn)
 f - a +0 pair of gloves (worn)
 q - a +2 chain mail of poison resistance (worn)
Wands
 v - a wand of flame (12)
 x - a wand of iceblast (1)
 z - a wand of polymorph (4)
 C - a wand of digging (4)
Scrolls
 g - 2 scrolls of teleportation {unknown}
 i - 11 scrolls of identify {unknown}
 j - 3 scrolls of blinking {unknown}
 m - 3 scrolls of amnesia {unknown}
 n - 5 scrolls of fear {unknown}
 o - a scroll of enchant weapon {unknown}
 p - a scroll of noise {unknown}
 w - a scroll of random uselessness {unknown}
 y - 2 scrolls of enchant armour {unknown}
 A - a scroll of fog {unknown}
 B - 3 scrolls of magic mapping {unknown}
Potions
 h - a potion of might {unknown}
 k - a potion of brilliance {unknown}
 l - 2 potions of heal wounds
 r - 2 potions of flight {unknown}
 s - a potion of magic {unknown}
 t - a potion of curing {unknown}


   Skills:
 * Level 5.6 Fighting
 + Level 3.6 Bows
 + Level 1.2 Throwing
 + Level 3.1 Armour
 * Level 2.8 Dodging
 + Level 1.0 Stealth
 * Level 4.5 Unarmed Combat
 * Level 3.0 Invocations
 + Level 0.5 Evocations


You had 7 spell levels left.
You didn't know any spells.
Your spell library was empty.

Dungeon Overview and Level Annotations

Branches:
Dungeon (6/15)             Temple (1/1) D:4

Altars:
Ashenzari
Cheibriados
Dithmenos
Elyvilon
Gozag
Hepliaklqana
Kikubaaqudgha
Makhleb
Nemelex Xobeh
Okawaru
Qazlal
Sif Muna
Trog
Uskayaw
Vehumet
Wu Jian
Xom
Zin
The Shining One

Shops:
D:5 =

Annotations:
D:6 Prince Ribbit


Innate Abilities, Weirdness & Mutations

You have claws for feet.
You regenerate health from kills.
Spells you cast may paralyse adjacent enemies.


Message History

Key pressed, stopping explore.
No target in view!
Unknown command.
e - 110 arrows (gained 20)
Things that are here:
a +0 shortbow; a centaur corpse No target in view!
Unknown command.
No target in view!
e - 114 arrows (gained 4)
e - 115 arrows (gained 1)
e - 118 arrows (gained 3)
Found a ring mail.
No target in view!
Unknown command.
No target in view!
Unknown command.
No target in view!
No target in view!
No target in view!
No target in view!
Unknown command.
No target in view!
Unknown command.
No target in view!
Unknown command.
No target in view!
Unknown command.
No target in view!
Unknown command.
No target in view!
You see here a ring mail.
You see here a ring mail.
Key pressed, stopping explore.
No target in view!
No target in view!
No target in view!
No target in view!
Prince Ribbit is nearby!
Are you sure you want to abandon this character and quit the game? (Confirm with "yes".)

. ##.......######..
.# #..F....## . .##
##.......##
..#####....>....#
....#......#....#
...........##...##
.....###...###...##
### ...###
##..###....# #.#
..## #...###.@.##
#.# .##
##..####...# #.# ##
#..##.....####.# #
#..............# ##
##......####...###
.## ##..#####
###[#.# ..## #..##
##.# ...## #..# ###
##..### ##..#


You could see Prince Ribbit (wandering).

Vanquished Creatures
  Grinder (D:6)
  Edmund (D:6)
  3 centaurs
  A bullfrog (D:6)
  A hound (D:5)
  A centaur skeleton (D:4)
  A gnoll shaman (D:4)
  2 iguanas (D:4)
  A bullfrog skeleton (D:6)
  2 orc wizards (D:6)
  A worker ant (D:6)
  Robin (D:3)
  A howler monkey skeleton (D:6)
  2 adders
  4 gnolls (D:4)
  2 oozes (D:1)
  3 adder skeletons
  2 worms
  6 dart slugs
  2 leopard geckos
  12 orcs
  5 ball pythons
  5 bats
  6 giant cockroaches
  19 goblins
  8 hobgoblins
  7 jackals (D:2)
  2 quokkas
  7 frilled lizards
  8 kobolds
  5 rats
122 creatures vanquished.

Notes
Turn   | Place    | Note
-------+----------+-------------------------------------------
     0 | D:1      | Morbidden the Demonspawn Wanderer began the quest for the
                  | Orb.
     0 | D:1      | Morbidden set off with the following items: a +0 shortbow,
                  | a potion of haste, a +0 ring mail, a potion of berserk
                  | rage, 30 arrows
     0 | D:1      | Reached XP level 1. HP: 16/16 MP: 1/1
   121 | D:1      | Gained mutation: You have sharp toenails. [demonic
                  | ancestry]
   121 | D:1      | Reached XP level 2. HP: 18/22 MP: 2/2
   302 | D:1      | Reached skill level 1 in Dodging
   429 | D:1      | Gained mutation: You regenerate a little health from kills.
                  | [demonic ancestry]
   429 | D:1      | Reached XP level 3. HP: 27/27 MP: 3/3
  1053 | D:2      | Found a faded altar of an unknown god.
  1298 | D:2      | Gained mutation: You have razor-sharp toenails. [demonic
                  | ancestry]
  1298 | D:2      | Reached XP level 4. HP: 34/34 MP: 4/4
  1756 | D:3      | Reached skill level 3 in Fighting
  2348 | D:3      | Found a glowing silver altar of Zin.
  2383 | D:3      | Noticed Robin
  2421 | D:3      | Killed Robin
  2429 | D:3      | Reached XP level 5. HP: 37/41 MP: 5/5
  3321 | D:4      | Found a staircase to the Ecumenical Temple.
  3332 | Temple   | Entered the Ecumenical Temple
  3424 | Temple   | Became a worshipper of Cheibriados the Contemplative
  3471 | D:4      | Found a radiant altar of Vehumet.
  3655 | D:4      | Reached skill level 4 in Fighting
  3729 | D:4      | Gained mutation: You regenerate health from kills. [demonic
                  | ancestry]
  3729 | D:4      | Reached XP level 6. HP: 26/48 MP: 6/6
  4057 | D:5      | Entered Level 5 of the Dungeon
  4143 | D:5      | Found an ornate altar of the Wu Jian Council.
  4205 | D:5      | Found an opulent altar of Gozag.
  4324 | D:5      | Found Zathrutea's Jewellery Emporium.
  4331 | D:5      | Reached skill level 1 in Invocations
  5008 | D:6      | Noticed Edmund
  5039 | D:6      | Killed Edmund
  5040 | D:6      | Gained mutation: You have claws for feet. [demonic
                  | ancestry]
  5040 | D:6      | Reached XP level 7. HP: 29/55 MP: 8/8
  5040 | D:6      | Reached * piety under Cheibriados
  5850 | D:6      | Reached skill level 5 in Fighting
  5880 | D:6      | Noticed Prince Ribbit
  5882 | D:6      | Noticed Grinder
  5905 | D:6      | Paralysed by Grinder for 2 turns
  5908 | D:6      | Killed Grinder
  6075 | D:6      | Gained mutation: Spells you cast may paralyse adjacent
                  | enemies. [demonic ancestry]
  6075 | D:6      | Reached XP level 8. HP: 63/63 MP: 10/10
  6255 | D:6      | Quit the game

Illustrated notes

Levels and vault maps discovered:
D:1:      dpeg_arrival_court, layout_basic, serial_forest,
          infiniplex_forest_clump_C, infiniplex_forest_clump_medium,
          infiniplex_forest_join, infiniplex_forest_end_3,
          infiniplex_forest_zigzag_2, infiniplex_forest_lined_4_way,
          minmay_close_crescents
D:2:      layout_loops_ring, chequers_ecumenical_altar_simple_redux
D:3:      layout_basic, zin_treasury, minmay_joined_circles, uniq_robin
D:4:      layout_basic, minmay_temple_entry_gardened_gates,
          vehumet_altar_wand_db
D:5:      layout_loops_ring, lemuel_doored_altar, nicolae_gozag_seed_capital,
          serial_shops, shop
D:6:      layout_layer_cave, hangedman_decor_points, uniq_edmund, uniq_grinder,
          uniq_prince_ribbit1
Temple:   eino_narrow_crystal_temple

Skill      XL: |  1  2  3  4  5  6  7  8 |
---------------+-------------------------+-----
Unarmed Combat | 3 4 |  4.5
Dodging        | 1 2 |  2.8
Fighting       | 3 4 5 |  5.6
Armour         | 2 3 |  3.1
Bows           | 2 3 |  3.6
Invocations    | 1 2 3 |  3.0
Throwing       | |  1.2
Stealth        | |  1.0
Evocations     | |  0.5

Action                   |  1- 3 |  4- 6 |  7- 9 || total
-------------------------+-------+-------+-------++-------
Melee: Unarmed           |       |    91 |    70 ||   161
       Kick              |       |    30 |    24 ||    54
       Punch             |       |     1 |     5 ||     6
 Fire: Shortbow          |   148 |   158 |    66 ||   372
Throw: Boomerang         |       |       |     4 ||     4
Evoke: Wand              |       |     6 |     2 ||     8
  Use: Potion            |       |     1 |       ||     1
Armor: Ring mail         |    41 |    10 |       ||    51
       Chain mail        |       |   114 |    69 ||   183
Dodge: Dodged            |    35 |    61 |    30 ||   126

Table legend: (Time is in decaauts)
 A = Elapsed time spent in this place.
 B = Non-inter-level travel time spent in this place.
 C = Inter-level travel time spent in this place.
 D = Time resting spent in this place.
 E = Time spent auto-exploring this place.
 F = Levels seen in this place.
 G = Mean time per level.
                   A        B        C        D        E       F      G
               +--------+--------+--------+--------+--------+-----+--------+
         Total |   6795 |   6564 |    231 |      0 |   5583 |   7 |  970.7 |
       Dungeon |   6681 |   6489 |    192 |      0 |   5513 |   6 | 1113.5 |
        Temple |    114 |     75 |     39 |      0 |     70 |   1 |  114.0 |
               +--------+--------+--------+--------+--------+-----+--------+

Top non-repeatable levels by time:
     D:6: 1472 daAuts
     D:4: 1303 daAuts
     D:3: 1132 daAuts
     D:5: 1063 daAuts
     D:1: 1034 daAuts
     D:2: 675 daAuts
  Temple: 114 daAuts
